 Dungeon Crawl Stone Soup version 0.30.1-11-g7821555f0a (webtiles) character file.

Game seed: 13689776784332093341

63 cowcol the Covered (level 3, -5/33 HPs)
             Began as a Minotaur Fighter on Dec 25, 2023.
             Slain by a goblin
             ... wielding a +0 dagger of electrocution
              (19 damage)
             ... on level 2 of the Dungeon.
             The game lasted 00:03:45 (831 turns).

cowcol the Covered (Minotaur Fighter)                Turns: 831, Time: 00:03:46

Health: -5/33      AC:  8    Str: 22    XL:     3   Next: 87%
Magic:  2/2        EV:  9    Int:  5    God:
Gold:   88         SH:  4    Dex:  9    Spells: 2/2 levels left

rFire   . . .        a - +0 war axe
rCold   . . .        c - +0 buckler
rNeg    . . .        b - +0 scale mail
rPois   .            (helmet restricted)
rElec   .            (no cloak)
rCorr   .            j - +0 pair of gloves
SInv    .            (no boots)
Will    .....        (no amulet) Stlth
                     (no ring)
HPRegen 0.25/turn    (no ring)
MPRegen 0.08/turn

%: no passive effects
@: no status effects
A: horns 2, retaliatory headbutt
a: no special abilities


You were on level 2 of the Dungeon.
You visited 1 branch of the dungeon, and saw 2 of its levels.

You collected 88 gold pieces.

Inventory:

Hand Weapons
 a - a +0 war axe (weapon)
Missiles
 g - 6 poisoned darts (quivered)
Armour
 b - a +0 scale mail (worn)
 c - a +0 buckler (worn)
 j - a +0 pair of gloves (worn)
Scrolls
 h - a scroll of immolation {unknown}
 k - a scroll of identify {unknown}
 l - a scroll of enchant weapon {unknown}
Potions
 d - a potion of might
 e - 2 potions of attraction {unknown}
 f - a potion of curing {unknown}
 i - a potion of haste {unknown}


   Skills:
 + Level 4.2 Fighting
 + Level 3.3 Axes
 + Level 0.3 Throwing
 + Level 4.3 Armour
 - Level 4.1 Shields


You had 2 spell levels left.
You didn't know any spells.
Your spell library was empty.

Dungeon Overview and Level Annotations

Branches:
Dungeon (2/15)

Altars:


Innate Abilities, Weirdness & Mutations

You have a pair of horns on your head.
You reflexively headbutt those who attack you in melee.


Message History

You barely miss the ball python.
The ball python is moderately wounded.
The ball python bites you but does no damage.
The ball python constricts you.
You slash the ball python!
You kill the ball python!
You see here a ball python corpse.
g - 5 poisoned darts (gained 1)
A goblin comes into view.
It is wielding a +0 dagger of electrocution.
The goblin shouts!
An adder comes into view.
Found a stone staircase leading down.
The adder hisses angrily.
g - 6 poisoned darts (gained 1)
You slash the adder!
The adder is severely wounded.
You barely miss the goblin. The adder bites you but does no damage.
The goblin hits you but does no damage.
You closely miss the adder. Your headbutt misses the adder.
The adder is severely wounded.
You barely miss the goblin. The adder bites you but does no damage.
The goblin closely misses you. The adder closely misses you.
Unknown command.
You barely miss the adder. Your headbutt misses the adder.
The adder is severely wounded.
You closely miss the goblin.
The goblin hits you with a +0 dagger of electrocution.
The adder barely misses you. The goblin hits you but does no damage.
You are electrocuted!!
Ouch! That really hurt!
The adder bites you but does no damage.
You slash the adder!
You kill the adder!
You miss the goblin. The goblin hits you but does no damage.
The goblin attacks as you move away! The goblin hits you but does no damage.
Found a scroll labelled SOWIOS YTUGO.
Found a stone staircase leading down.
You barely miss the goblin. The goblin hits you but does no damage.
You are electrocuted!!
Ouch! That really hurt!
You die...

#...##........#.....
#...##..†.......####
# #...##..........##
..
######...........#
.# #...........#..#
#.........>...#
#........#...###
#........g.....#
##.##...@#.###..#
#.........#
#...........#
#........#...#
...............
##...>...#.....
#.............
#####.... ..>?


You could see a goblin.

Vanquished Creatures
  A gnoll (D:1)
  An adder (D:2)
  A dart slug (D:1)
  7 bats (D:1)
  5 endoplasms
  3 giant cockroaches (D:1)
  A goblin (D:1)
  2 hobgoblins (D:1)
  4 quokkas
  5 ball pythons
  2 frilled lizards (D:1)
  5 kobolds (D:1)
  2 rats (D:1)
39 creatures vanquished.

Notes
Turn   | Place    | Note
-------+----------+-------------------------------------------
     0 | D:1      | cowcol the Minotaur Fighter began the quest for the Orb.
     0 | D:1      | Reached XP level 1. HP: 19/19 MP: 0/0
   121 | D:1      | You fall into a shaft and drop 1 floor!
   132 | D:1      | Reached XP level 2. HP: 18/27 MP: 1/1
   243 | D:1      | Reached XP level 3. HP: 33/33 MP: 2/2
   831 | D:2      | Slain by a goblin

Illustrated notes

Levels and vault maps discovered:
D:1:      roderic_crop_circles_arrival_small, layout_basic,
          dreamdust_wishing_well, dreamdust_princess_bridge
D:2:      layout_rooms

Skill      XL: |  1  2  3 |
---------------+----------+-----
Fighting       | 4 |  4.2
Shields        | 4 |  4.1
Armour         | 4 |  4.3
Axes           | 3 |  3.3
Throwing       | |  0.3

Action                     || total
---------------------------++-------
  Melee: War axe           ||    90
         Headbutt          ||    11
  Throw: Dart              ||     8
    Use: Scroll            ||     1
 Armour: Scale mail        ||    49
  Dodge: Dodged            ||    38
  Block: Buckler           ||    27
